 Dungeon Crawl Stone Soup version 0.19.5 (webtiles) character file.

490 Zhenya24pyc the Cudgeler (level 7, 0/41 HPs)
             Began as a Gargoyle Fighter on Apr 12, 2017.
             Killed by divine providence
             ... invoked by an orc priest
              (15 damage)
             ... on level 4 of the Dungeon.
             The game lasted 00:04:05 (2199 turns).

Zhenya24pyc the Cudgeler (Gargoyle Fighter)         Turns: 2199, Time: 00:04:06

Health: 0/41       AC: 14    Str: 20    XL:     7   Next: 14%
Magic:  7/7        EV:  7    Int:  9    God:
Gold:   139        SH:  9    Dex: 10    Spells: 0 memorised, 6 levels left

rFire  . . .     SeeInvis .     a - +0 flail
rCold  . . .     Gourm    .     b - +0 scale mail
rNeg   + . .     Faith    .     c - +0 shield
rPois  ∞         Spirit   .     o - +2 hat
rElec  +         Reflect  .     (no cloak)
rCorr  .         Harm     .     h - +0 pair of gloves
MR     .....                    (no boots)
Stlth  ..........               (no amulet)
                                (no ring)
                                (no ring)

@: no status effects
A: negative energy resistance 1, electricity resistance, unbreathing,
petrification resistance, rot immunity, AC +4
a: no special abilities


You were on level 4 of the Dungeon.
You were not hungry.

You visited 1 branch of the dungeon, and saw 4 of its levels.

You collected 139 gold pieces.

Inventory:

Hand Weapons
 a - a +0 flail (weapon)
Armour
 b - a +0 scale mail (worn)
 c - a +0 shield (worn)
 h - a +0 pair of gloves (worn)
 o - a +2 hat (worn)
Wands
 s - a wand of iceblast (8/15)
Scrolls
 g - 3 scrolls of teleportation {unknown}
 i - a scroll of amnesia {unknown}
 k - 2 scrolls of identify {unknown}
 m - 2 scrolls of immolation {unknown}
 p - 2 scrolls of remove curse {unknown}
 u - a scroll of fear {unknown}
 y - a scroll of magic mapping {unknown}
Potions
 d - 3 potions of might
 e - 2 potions of beneficial mutation {unknown}
 l - a potion of lignification {unknown}
 n - 5 potions of curing {unknown}
 q - 2 potions of degeneration {unknown}
 r - a potion of cancellation {unknown}
 v - a potion of magic {unknown}
 w - a potion of ambrosia {unknown}
Books
 x - a book of Maledictions

   Spells                             Type                      Level
   a - Corona                         Hexes                        1
   b - Ensorcelled Hibernation        Hexes/Ice                    2
   c - Confuse                        Hexes                        3
   d - Tukima's Dance                 Hexes                        3
   e - Dazzling Spray                 Conjuration/Hexes            3
Comestibles
 f - 6 bread rations
 j - 2 meat rations
 t - a chunk of flesh


   Skills:
 + Level 3.2 Fighting
 * Level 7.5 Maces & Flails
 + Level 3.2 Armour
 + Level 0.0 Dodging
 + Level 3.2 Shields


You had 6 spell levels left.
You didn't know any spells.

Dungeon Overview and Level Annotations

Branches:
Dungeon (4/15)
 Temple: D:4-7

Altars:
Makhleb
Nemelex Xobeh

Shops:
D:4 =


Innate Abilities, Weirdness & Mutations

You are resistant to torment.
Your stone body is resilient. (AC +4)
You are immune to poison.
You resist negative energy. (rN+)
You are resistant to electric shocks. (rElec)
You can survive without breathing.
You are immune to petrification.
You are immune to rotting.


Message History

The orc wizard is heavily wounded.
You block the orc wizard's attack. You block the orc's attack.
You barely miss the orc wizard.
The orc wizard is heavily wounded.
The orc wizard gestures at you while chanting.
The magic dart hits you! The orc barely misses you.
Some of the chunks of flesh in your inventory have rotted away.
You miss the orc wizard.
The orc wizard is heavily wounded.
You block the orc wizard's attack. The orc closely misses you.
You closely miss the orc wizard.
The orc wizard is heavily wounded.
The orc wizard casts a spell at you. The puff of flame hits you!
The orc hits you but does no damage.
You hit the orc wizard.
The orc wizard is almost dead.
The orc wizard hits you with a dagger.
The orc priest calls down the wrath of Beogh upon you.
Beogh smites you!
You die...

# # # # # # ### .#.
#.. ......
#.##.....#.######o#
#.##....##)##.@ooo#
###.##...>##.##.#####
........# #.##.#
#.......# #.##.#
#.#.##..####.##.#
#.#.##.....)....#
#.#.[...>....#..#
..†####.######..#
............##..#


You could see an orc priest, an orc wizard and 2 orcs.

Vanquished Creatures
  Grinder (D:4)
  An orc priest (D:4)
  An orc wizard (D:4)
  3 iron imps (D:3)
  An iguana (D:4)
  A worker ant (D:4)
  A hound skeleton (D:3)
  Robin (D:2)
  2 adders (D:3)
  An ooze (D:2)
  An adder skeleton (D:4)
  A worm (D:2)
  A dart slug (D:1)
  3 leopard geckos
  2 orcs (D:4)
  4 giant cockroaches
  7 goblins
  14 hobgoblins
  A quokka (D:2)
  A ball python (D:1)
  2 bats
  2 frilled lizards (D:3)
  8 kobolds
  3 rats
63 creatures vanquished.

Notes
Turn   | Place    | Note
-------+----------+-------------------------------------------
     0 | D:1      | Zhenya24pyc the Gargoyle Fighter began the quest for the Orb.
     0 | D:1      | Reached XP level 1. HP: 14/14 MP: 1/1
   195 | D:1      | Reached XP level 2. HP: 19/19 MP: 2/2
   237 | D:1      | Reached skill level 3 in Maces & Flails
   649 | D:2      | Noticed Robin
   684 | D:2      | Reached XP level 3. HP: 23/23 MP: 3/3
   695 | D:2      | Killed Robin
   746 | D:2      | Reached skill level 4 in Maces & Flails
  1074 | D:2      | Reached XP level 4. HP: 25/28 MP: 4/4
  1400 | D:3      | Found a burning altar of Makhleb.
  1433 | D:3      | Reached skill level 5 in Maces & Flails
  1433 | D:3      | Reached XP level 5. HP: 24/32 MP: 5/5
  1969 | D:4      | Reached skill level 6 in Maces & Flails
  1971 | D:4      | Reached XP level 6. HP: 37/37 MP: 6/6
  2002 | D:4      | Found a sparkling altar of Nemelex Xobeh.
  2035 | D:4      | Found Tacseor's Jewellery Shoppe.
  2085 | D:4      | Noticed Grinder
  2130 | D:4      | Killed Grinder
  2130 | D:4      | Reached skill level 7 in Maces & Flails
  2130 | D:4      | Reached XP level 7. HP: 24/41 MP: 7/7
  2199 | D:4      | Killed from afar by an orc priest

Skill      XL: |  1  2  3  4  5  6 |
---------------+-------------------+-----
Maces & Flails | 3 4 5 6 7 |  7.5
Fighting       | |  3.2
Armour         | |  3.2
Shields        | |  3.2

Action                   |  1- 3 |  4- 6 |  7- 9 || total
-------------------------+-------+-------+-------++-------
Melee: Flail             |   139 |   189 |     8 ||   336
  Eat: Chunk             |       |     3 |       ||     3
       Beef jerky        |       |     1 |       ||     1
Armor: Scale mail        |    85 |   109 |     2 ||   196
Dodge: Dodged            |    37 |    49 |     4 ||    90
Block: Shield            |    80 |    92 |     5 ||   177
